AoeStats
← HR nomadplayer

Lombardia

507383692Analyzed
3v3 RM · 13d ago on Sep 18, 2026· 18m 35s· 6 players
Game mode
Random Map
Map size
Normal (6 player)
Population
200
Speed
Normal
Resources
Standard
Victory
Conquest
Starting age
Dark Age
Ending age
Imperial Age
RankedLock teamsTeams togetherTeam positionsShared explorationLock speedFull tech treeHidden civsTurbo modeCheats
Victory
Defeat
2000
+4
🇨🇱 Mongols · Chile
1811
+9
🇨🇱 Persians · Chile
1738
+11
🇩🇰 Magyars · Denmark
1710
-10
🇺🇸 Cumans · United States
1699
-9
🇩🇰 Ethiopians · Denmark
1562
-5
Young Carter
8:28 Feudal Age
8:55 Double-Bit Axe
9:54 Horse Collar
10:01 Double-Bit Axe
11:03 Loom
ivel sti iH
7:56 Loom
9:42 Feudal Age
13:02 Double-Bit Axe
13:32 Fletching
18:38 Castle Age
18:00 Padded Archer Armor
JaM DaDDy
7:19 Loom
9:45 Feudal Age
10:11 Double-Bit Axe
17:45 Horse Collar
[CL] castiii
10:33 Feudal Age
12:00 Loom
14:27 Castle Age
13:13 Double-Bit Axe
13:10 Horse Collar
18:31 Scale Barding Armor
HR nomadplayer
6:10 Loom
8:27 Feudal Age
10:14 Double-Bit Axe
10:11 Horse Collar
14:05 Scale Barding Armor
14:54 Forging
[CL] FelipeBesitosRicos
9:14 Loom
11:00 Feudal Age
12:00 Double-Bit Axe
12:22 Horse Collar
14:03 Fletching
15:14 Gold Mining
16:31 Scale Mail Armor
16:41 Forging
Connection lost

Rejoining the realm…

Still unreachable

The connection could not be restored.

Session expired

The server has moved on; the page needs a fresh start.